 Dungeon Crawl Stone Soup version 0.23-a0-808-gd21de94 (webtiles) character file.

698365 Ghella the Conqueror (level 27, 0/179 HPs)
             Began as a Gargoyle Fighter on Jan 19, 2019.
             Was the Champion of Okawaru.
             Slain by a spatial maelstrom (10 damage)
             ... on level 1 of the Abyss on Jan 21, 2019.
             The game lasted 05:07:54 (96095 turns).

Ghella the Conqueror (Gargoyle Fighter)            Turns: 96095, Time: 05:07:55

Health: 0/179      AC: 56    Str: 35      XL:     27
Magic:  27/27      EV: 18    Int: 10 (12) God:    Okawaru [******]
Gold:   4610       SH: 26    Dex: 26      Spells: 42/44 levels left

rFire    + + .     SeeInvis +   n - +3 broad axe "Kothraij" {holy, Dex+6}
rCold    + + .     Gourm    .   H - +1 shield "Henipp" {rCorr Str+3 SInv}
rNeg     + + .     Faith    .   J - +10 gold dragon scales of Trog's Generosity {+Inv rPois rF+ rC+ MR+ MP-9 Str+4 Dex+4}
rPois    ∞         Spirit   .   U - +0 hat "Sauref" {rF+ MR+ Str+2 Dex+4}
rElec    +         Reflect  +   O - scarf {repulsion}
rCorr    +         Harm     .   V - +2 pair of gloves {Dex+3}
MR       ++++.     Rnd*Rage +   t - +2 pair of boots
Stlth    ..........             Y - +4 amulet of reflection
HPRegen  0.39/turn              y - ring of Gisainoxt {rC+ rN+}
MPRegen  0.20/turn              z - +4 ring of evasion

@: repel missiles
A: big wings, [berserk 2], blink, deformed body, frail 1, negative energy
resistance 1, screaming 2, electricity resistance, weak 2, unbreathing,
petrification resistance, no potion heal 3, rot immunity, AC +20
}: 4/15 runes: decaying, slimy, silver, gossamer
a: Fly, Blink, Heroism, Finesse, Renounce Religion, Evoke Invisibility


You were on level 1 of the Abyss.
You worshipped Okawaru.
Okawaru was exalted by your worship.
You were not hungry.

You visited 12 branches of the dungeon, and saw 54 of its levels.
You visited Pandemonium 1 time, and saw 2 of its levels.
You visited the Abyss 2 times.
You visited 1 bazaar.
You also visited: Sewer and Ice Cave.

You collected 9802 gold pieces.
You spent 5192 gold pieces at shops.

Inventory:

Hand Weapons
 n - the +3 broad axe "Kothraij" (weapon) {holy, Dex+6}
   (Okawaru gifted it to you on level 3 of the Swamp)

   It has been blessed by the Shining One to cause great damage to the undead
   and demons.
   It affects your dexterity (+6).
 r - the +1 battleaxe of Okawaru's Whim {chop, *Rage Str+8}
   (Okawaru gifted it to you on level 3 of the Abyss)

   It inflicts extra damage upon your enemies.
   It affects your strength (+8).
   It may make you go berserk in combat.
 u - a +9 vampiric eveningstar
 v - the +3 war axe of the Hummingbird {freeze, rPois Str-2 Int+8 Dex+3}
   (Okawaru gifted it to you on level 2 of the Abyss)

   It has been specially enchanted to freeze those struck by it, causing extra
   injury to most foes and up to half again as much damage against particularly
   susceptible opponents.
   It can also slow down cold-blooded creatures.
   It affects your strength (-2).
   It affects your intelligence (+8).
   It affects your dexterity (+3).
   It protects you from poison.
 L - the +11 morningstar of the Rattle-Snake {speed, MP+9}
   (Okawaru gifted it to you on level 3 of the Vaults)

   Attacks with this weapon are significantly faster.
   It affects your magic capacity (+9).
 Z - the +3 morningstar of Fate {flame, rC+ rN++ Dex-2 Stlth+}
   (You found it on level 2 of the Elven Halls)

   It has been specially enchanted to burn those struck by it, causing extra
   injury to most foes and up to half again as much damage against particularly
   susceptible opponents.
   It affects your dexterity (-2).
   It protects you from cold.
   It greatly protects you from negative energy.
   It makes you more stealthy.
Armour
 t - a +2 pair of boots (worn)
 H - the +1 shield "Henipp" (worn) {rCorr Str+3 SInv}
   (Okawaru gifted it to you on level 2 of the Spider Nest)

   It affects your strength (+3).
   It lets you see invisible.
   It provides partial protection from all sources of acid and corrosion.
 J - the +10 gold dragon scales of Trog's Generosity (worn) {+Inv rPois rF+ rC+ MR+ MP-9 Str+4 Dex+4}
   (You bought it in a shop on level 12 of the Dungeon)

   It affects your strength (+4).
   It affects your dexterity (+4).
   It protects you from fire.
   It protects you from cold.
   It protects you from poison.
   It affects your resistance to hostile enchantments.
   It affects your magic capacity (-9).
   It lets you turn invisible.
 O - a scarf of repulsion (worn)
 U - the +0 hat "Sauref" (worn) {rF+ MR+ Str+2 Dex+4}
   (You found it on level 1 of the Swamp)

   It affects your strength (+2).
   It affects your dexterity (+4).
   It protects you from fire.
   It affects your resistance to hostile enchantments.
 V - a +2 pair of gloves of dexterity (worn)
Jewellery
 y - the ring of Gisainoxt (left hand) {rC+ rN+}
   (You found it on level 3 of the Crypt)

   [ring of positive energy]

   It protects you from cold.
   It protects you from negative energy.
 z - a +4 ring of evasion (right hand)
 B - the ring "Erolusis" {rN+ AC+1}
   (You found it on level 5 of the Pits of Slime)

   [ring of protection]

   It affects your AC (+1).
   It protects you from negative energy.
 Y - a +4 amulet of reflection (around neck)
Wands
 a - a wand of paralysis (29)
 g - a wand of clouds (18)
 p - a wand of flame (95)
 C - a wand of digging (12)
 E - a wand of random effects (18)
 G - a wand of enslavement (13)
 I - a wand of disintegration (19)
 K - a wand of polymorph (46)
 S - a wand of acid (21)
Scrolls
 b - 26 scrolls of remove curse
 c - 6 scrolls of enchant armour
 e - 7 scrolls of identify
 h - 12 scrolls of fear
 i - 8 scrolls of teleportation
 k - a scroll of summoning
 o - 4 scrolls of blinking
 q - 9 scrolls of amnesia
 A - 2 scrolls of silence
 F - 9 scrolls of fog
 N - 5 scrolls of enchant weapon
 Q - a scroll of acquirement
 X - 3 scrolls of magic mapping
Potions
 d - 3 potions of might
 j - 15 potions of lignification
 l - 8 potions of curing
 m - 2 potions of resistance
 s - 7 potions of agility
 x - 2 potions of berserk rage
 D - a potion of haste
 M - 3 potions of magic
 P - 7 potions of brilliance
 R - 2 potions of heal wounds
 T - 3 potions of invisibility
 W - 5 potions of ambrosia
Miscellaneous
 w - the horn of Geryon
Comestibles
 f - 52 rations


   Skills:
 O Level 27 Fighting
 - Level 14.6(18.6) Axes
 - Level 20.6(22.2) Maces & Flails
 + Level 21.9 Armour
 * Level 8.0 Dodging
 - Level 26.8 Shields
 * Level 9.3 Spellcasting
 + Level 4.7 Invocations
 + Level 2.6 Evocations


You had 42 spell levels left.
You knew the following spells:

 Your Spells              Type           Power        Failure   Level  Hunger
a - Blink                 Tloc           N/A          80%         2    #......

Your spell library contained the following spells:

 Spells                   Type           Power        Failure   Level  Hunger
 Animate Skeleton         Necr           N/A          67%         1    None
 Beastly Appendage        Tmut           #.....       67%         1    None
 Confusing Touch          Hex            #.....       67%         1    None
 Corona                   Hex            #......      67%         1    None
 Flame Tongue             Conj/Fire      #....        67%         1    None
 Freeze                   Ice            #...         67%         1    None
 Magic Dart               Conj           #...         67%         1    None
 Pain                     Necr           #...         67%         1    None
 Sandblast                Erth           #.....       67%         1    None
 Shock                    Conj/Air       #...         67%         1    None
 Sting                    Conj/Pois      #...         67%         1    None
 Summon Small Mammal      Summ           #...         67%         1    None
 Call Imp                 Summ           #.......     80%         2    #......
 Corpse Rot               Necr           N/A          80%         2    #......
 Ensorcelled Hibernation  Hex/Ice        #.....       80%         2    #......
 Passwall                 Tmut/Erth      #.......     80%         2    #......
 Searing Ray              Conj           #.....       80%         2    #......
 Slow                     Hex            #.......     80%         2    #......
 Song of Slaying          Chrm           #.......     80%         2    #......
 Sticks to Snakes         Tmut           #.......     80%         2    #......
 Swiftness                Chrm/Air       #.......     80%         2    #......
 Throw Flame              Conj/Fire      #.....       80%         2    #......
 Throw Frost              Conj/Ice       #.....       80%         2    #......
 Call Canine Familiar     Summ           #.......     95%         3    ##.....
 Confuse                  Hex            #.......     95%         3    ##.....
 Conjure Flame            Conj/Fire      #.......     95%         3    ##.....
 Dazzling Spray           Conj/Hex       #.....       95%         3    ##.....
 Gell's Gravitas          Tloc           #.........   95%         3    ##.....
 Ignite Poison            Fire/Tmut/Pois #.......     95%         3    ##.....
 Inner Flame              Hex/Fire       #.......     95%         3    ##.....
 Lesser Beckoning         Tloc           #.........   95%         3    ##.....
 Mephitic Cloud           Conj/Pois/Air  #.......     95%         3    ##.....
 Ozocubu's Armour         Chrm/Ice       #.......     95%         3    ##.....
 Portal Projectile        Hex/Tloc       #.....       95%         3    ##.....
 Recall                   Summ/Tloc      N/A          95%         3    ##.....
 Regeneration             Chrm/Necr      #.........   95%         3    ##.....
 Spider Form              Tmut/Pois      #.........   95%         3    ##.....
 Static Discharge         Conj/Air       #.......     95%         3    ##.....
 Stone Arrow              Conj/Erth      #.....       95%         3    ##.....
 Summon Guardian Golem    Hex/Summ       #.......     95%         3    ##.....
 Tukima's Dance           Hex            #.......     95%         3    ##.....
 Vampiric Draining        Necr           #.........   95%         3    ##.....
 Airstrike                Air            #.........   100%        4    ####...
 Animate Dead             Necr           N/A          100%        4    ####...
 Cause Fear               Hex            #.........   100%        4    ####...
 Force Lance              Conj/Tloc      #.......     100%        4    ####...
 Fulminant Prism          Conj/Hex       #.........   100%        4    ####...
 Ice Form                 Ice/Tmut       #.......     100%        4    ####...
 Iskenderun's Mystic Bla  Conj           #.......     100%        4    ####...
 Leda's Liquefaction      Hex/Erth       #.........   100%        4    ####...
 Passage of Golubria      Tloc           N/A          100%        4    ####...
 Petrify                  Tmut/Erth      #.......     100%        4    ####...
 Sticky Flame             Conj/Fire      #.......     100%        4    ####...
 Summon Ice Beast         Ice/Summ       #.......     100%        4    ####...
 Summon Lightning Spire   Summ/Air       #.......     100%        4    ####...
 Throw Icicle             Conj/Ice       #.......     100%        4    ####...
 Agony                    Necr           #.......     100%        5    ######.
 Alistair's Intoxication  Tmut/Pois      #.......     100%        5    ######.
 Blade Hands              Tmut           #.........   100%        5    ######.
 Bolt of Magma            Conj/Fire/Erth #.........   100%        5    ######.
 Borgnjor's Vile Clutch   Necr/Erth      #.........   100%        5    ######.
 Fireball                 Conj/Fire      #.........   100%        5    ######.
 Irradiate                Conj/Tmut      #.........   100%        5    ######.
 Iskenderun's Battlesphe  Conj/Chrm      #.......     100%        5    ######.
 Lee's Rapid Deconstruct  Erth           #.........   100%        5    ######.
 Lightning Bolt           Conj/Air       #.........   100%        5    ######.
 Metabolic Englaciation   Hex/Ice        #.........   100%        5    ######.
 Silence                  Hex/Air        #.........   100%        5    ######.
 Summon Forest            Summ/Tloc      #.........   100%        5    ######.
 Venom Bolt               Conj/Pois      #.........   100%        5    ######.
 Yara's Violent Unravell  Hex/Tmut       #.........   100%        5    ######.
 Bolt of Cold             Conj/Ice       #.........   100%        6    #######
 Bolt of Fire             Conj/Fire      #.........   100%        6    #######
 Conjure Ball Lightning   Conj/Air       #.........   100%        6    #######
 Darkness                 Hex            #.........   100%        6    #######
 Death Channel            Necr           #.........   100%        6    #######
 Deflect Missiles         Chrm/Air       #.........   100%        6    #######
 Dispersal                Tloc           #.........   100%        6    #######
 Freezing Cloud           Conj/Ice/Air   #.........   100%        6    #######
 Hydra Form               Tmut           #.........   100%        6    #######
 Invisibility             Hex            #.......     100%        6    #######
 Iron Shot                Conj/Erth      #.........   100%        6    #######
 Ozocubu's Refrigeration  Ice            #.........   100%        6    #######
 Shadow Creatures         Summ           N/A          100%        6    #######
 Simulacrum               Ice/Necr       #.........   100%        6    #######
 Orb of Destruction       Conj           #.........   100%        7    #######
 Ring of Flames           Chrm/Fire      #.........   100%        7    #######
 Spellforged Servitor     Conj/Summ      #.........   100%        7    #######
 Summon Hydra             Summ           #.........   100%        7    #######
 Controlled Blink         Tloc           N/A          100%        8    #######
 Discord                  Hex            #.........   100%        8    #######
 Disjunction              Tloc           #.........   100%        8    #######
 Shatter                  Erth           #.........   100%        9    #######
 Tornado                  Air            #.........   100%        9    #######
 Sublimation of Blood     Necr           Unusable     N/A         2    N/A
 Statue Form              Tmut/Erth      Unusable     N/A         6    N/A

Dungeon Overview and Level Annotations

Branches:
Dungeon (15/15)            Temple (1/1) D:5            Lair (6/6) D:11
  Swamp (4/4) Lair:2       Spider (4/4) Lair:2        Slime (5/5) Lair:6
    Orc (2/2) D:12            Elf (3/3) Orc:2        Vaults (5/5) D:13
  Crypt (3/3) Vaults:3       Tomb (0/3) Crypt:3      Depths (5/5) D:15
   Hell (1/1)                 Dis (0/7) Hell            Geh (0/7) Hell
    Coc (0/7) Hell            Tar (0/7) Hell            Zot (0/5) Depths:5

Altars:
Ashenzari
Cheibriados
Dithmenos
Elyvilon
Fedhas
Gozag
Hepliaklqana
Kikubaaqudgha
Makhleb
Nemelex Xobeh
Okawaru
Qazlal
Ru
Sif Muna
Trog
Uskayaw
Vehumet
Wu Jian
Xom
Yredelemnul
Zin
The Shining One
Beogh
Jiyva

Shops:
D:4 ![[?   D:8 *   D:12 [   Orc:2 :[*(   Elf:2 [[*!}   Elf:3 ?   Vaults:3 ?
Vaults:4 %   Vaults:5 :   Depths:2 *

Portals:
Hell: Depths:1 Depths:2 Depths:3 Depths:4 Depths:5
Abyss: Depths:2 Depths:3 Depths:4 Depths:5
Pandemonium: Depths:3
Ziggurat: Depths:4

Annotations:
D:2 Sigmund
Spider:3 3 runed doors, XanderDroid's ghost, adept MiBe
Vaults:2 2 runed doors, Xaq Wocw's ghost, master HOAK
Depths:1 1 exclusion
Depths:3 exclusion: 2 orange crystal statues


Innate Abilities, Weirdness & Mutations

You are resistant to torment.
Your stone body is resilient. (AC +20)
You are immune to poison.
Your large and strong wings let you fly indefinitely.
You resist negative energy. (rN+)
You are resistant to electric shocks. (rElec)
You can survive without breathing.
You are immune to petrification.
You are immune to rotting.
You can translocate small distances at will.
Armour fits poorly on your strangely shaped body.
You are frail. (-10% HP)
You sometimes yell uncontrollably at your foes.
You are very weak. (Str -4)
Potions cannot restore your health.
[You often lose your temper in combat.]


Message History

A starspawn tentacle comes into view.
The sun demon hits you but does no damage.
The spatial maelstrom hits you but does no damage. x2
The sun demon hits you but does no damage.
You can move again.
The spatial maelstrom closely misses you.
You block the spatial maelstrom's attack.
The starcursed mass misses you.
You block the spatial maelstrom's attack.
The spatial maelstrom closely misses you.
The sun demon misses you.
The spatial maelstrom completely misses you.
The spatial maelstrom misses you. You block the starcursed mass's attack.
You block the sun demon's attack.
You block the spatial maelstrom's attack. x2
You block the sun demon's attack.
A spatial vortex comes into view.
The spatial maelstrom hits you but does no damage.
The spatial maelstrom hits you!
You die...

# # . # .#.
.### . ##..
...# .#
....###XX##
....v.#XX#.
# ...5XX#XX#
#
..w5xXv3##.#
..wXXb3@#3X#
...Xbt###5##
#..##X3b3 #
# # #x#.#
.#...#3 . #
. .# .# . .
.# # .#


You could see 9 starcursed masses, a tentacled starspawn, a spatial maelstrom, 2
sun demons, a spatial vortex, an apocalypse crab, 2 large abominations, a small
abomination, 2 fire bats, 2 starspawn tentacles and 2 ufetubi.

Vanquished Creatures
  the Royal Jelly (Slime:5)
  Mennas (Crypt:2)
  Mara (Vaults:5)
  2 juggernauts
  2 ancient liches
  Boris (Depths:4)
  Sojobo (Crypt:3)
  Frederick (Vaults:2)
  Bai Suzhen (Crypt:3)
  Saint Roka (Depths:3)
  Geryon (Hell)
  A caustic shrike (Depths:4)
  A profane servitor (Abyss:3)
  Jory (Depths:4)
  4 bone dragons
  2 golden dragons
  2 Brimstone Fiends (Pan)
  6 Tzitzimimeh
  Rupert (D:15)
  8 liches
  An Ice Fiend (Pan)
  A Hell Sentinel (Pan)
  9 tentacled monstrosities
  Asterion (Spider:3)
  A quicksilver dragon (Depths:4)
  23 acid blobs
  3 deep elf blademasters
  5 titans
  10 sphinxes
  An Executioner (Pan)
  Frances (Spider:1)
  Murray (Hell)
  8 tentacled starspawn
  Kirke (Lair:5)
  7 tengu reavers
  Agnes (Spider:4)
  2 revenants
  6 storm dragons
  4 shadow dragons
  A draconian monk (Depths:5)
  A thorn hunter (Swamp:2)
  16 azure jellies
  5 fire giants
  8 frost giants
  3 iron dragons
  9 deep elf sorcerers
  Louise (Swamp:3)
  13 vault wardens
  4 ghost moths
  2 orc warlords
  9 balrugs
  2 cacodemons
  A caustic shrike zombie (Depths:4)
  3 curse skulls
  A draconian shifter (Depths:4)
  10 ghouls
  A spriggan defender (Depths:4)
  4 deep elf elementalists
  7 emperor scorpions
  5 war gargoyles
  5 warmongers (Pan)
  20 ironheart preservers
  The ghost of melvinkitnick the Imperceptible, an adept SpEn of Kikubaaqudgha (Swamp:1)
  13 starcursed masses
  5 reapers
  11 deep elf demonologists
  4 entropy weavers
  2 corrupters (Pan)
  30 very ugly things
  The ghost of XanderDroid the Severer, a journeyman MiBe of Trog (Lair:2)
  14 stone giants
  A black draconian (Depths:5)
  Azrael (Spider:2)
  A green draconian (Depths:4)
  A black sun (Pan)
  3 vampire knights
  A yellow draconian (Depths:5)
  2 lorocyprocas
  8 spark wasps
  A dire elephant (shapeshifter) (D:15)
  10 deep elf annihilators
  A red draconian (Depths:5)
  4 white draconians
  3 eidola
  8 death oozes
  18 ettins
  6 fire dragons
  6 blizzard demons
  9 jiangshi
  A crystal guardian (Vaults:5)
  11 yaktaur captains
  5 deep elf death magi
  Josephine (Lair:4)
  2 green deaths (Pan)
  34 vault guards
  2 deep elf high priests
  2 merfolk impalers
  8 rakshasas
  A monstrous demonspawn (Pan)
  A hell beast (Depths:1)
  14 great orbs of eyes
  11 ice dragons
  A spriggan air mage (Depths:4)
  26 hydras
  4 shambling mangroves
  7 centaur warriors
  A satyr (shapeshifter) (Vaults:5)
  27 two-headed ogres
  8 alligators
  A two-headed ogre (shapeshifter) (Vaults:5)
  3 hell hogs
  11 ogre magi
  6 death knights
  4 tengu warriors
  33 dancing weapons
  7 vampire magi
  4 deep troll earth magi
  10 thrashing horrors
  5 deep troll shamans
  2 spriggan berserkers (Depths:4)
  Urug (Orc:2)
  An orc high priest (Orc:2)
  2 titan skeletons
  18 deep elf knights
  2 iron golems (Hell)
  Nergalle (Lair:3)
  20 wretched stars
  17 soul eaters
  21 sun demons
  3 iron trolls
  A spectral death yak (Lair:2)
  7 shadow wraiths
  A storm dragon skeleton (Crypt:1)
  3 torturous demonspawn (Pan)
  23 hell knights
  An anaconda zombie (Abyss:3)
  7 sixfirhies
  37 skeletal warriors
  15 unseen horrors
  A gelid demonspawn (Pan)
  8 flayed ghosts
  3 infernal demonspawn (Pan)
  16 deep trolls
  2 spatial maelstroms (Abyss:3)
  A spectral hydra (Depths:3)
  4 spriggan druids
  10 swamp dragons
  A swamp dragon (shapeshifter) (Vaults:5)
  A death drake (Depths:3)
  2 wizards
  A kraken simulacrum (Hell)
  A shadow demon (Pan)
  8 glowing orange brains
  An anaconda skeleton (Hell)
  2 golden dragon skeletons (Crypt:3)
  22 deep elf archers
  18 ironbrand convokers
  5 lindwurms
  12 orc knights
  76 deep elf magi
  6 phantasmal warriors
  9 necromancers
  15 orb spiders
  2 wolf spider zombies
  5 human zombies
  3 mana vipers (Depths:3)
  2 sphinx zombies
  44 ugly things
  A mana viper (shapeshifter) (Vaults:1)
  9 shining eyes
  2 salamanders
  3 manticores
  10 orc sorcerers
  A sphinx skeleton (Vaults:1)
  A shadow dragon skeleton (Depths:4)
  A moth of wrath (Spider:4)
  3 oklob plants
  43 wolf spiders
  6 worldbinders
  An iron dragon skeleton (Crypt:2)
  2 frost giant skeletons
  6 cyclopes
  3 fire giant skeletons
  An elephant (shapeshifter) (Depths:3)
  5 elephants (Lair:5)
  A shock serpent zombie (Crypt:3)
  6 rust devils
  A stone giant skeleton (Abyss:2)
  7 black mambas
  22 vault sentinels
  23 smoke demons
  A spriggan skeleton (Depths:4)
  6 gargoyles
  A torpor snail (Spider:2)
  2 molten gargoyles (Lair:6)
  16 spiny frogs
  2 shock serpent skeletons
  A hellion (Pan)
  A spiny frog (shapeshifter) (Depths:5)
  4 ice statues
  An eye of devastation (Slime:5)
  3 orange demons
  4 rime drakes
  9 freezing wraiths
  17 demonic crawlers
  5 kobold demonologists
  A swamp worm zombie (Crypt:1)
  2 yaktaurs (shapeshifter)
  19 komodo dragons
  2 anaconda simulacra (Depths:3)
  4 efreet
  3 ice devils
  12 ancient zymes
  26 yaktaurs
  4 tengu conjurers
  5 guardian mummies
  14 red devils
  A polar bear (Lair:5)
  7 hellwings
  A sea snake skeleton (Crypt:2)
  A death drake zombie (Crypt:1)
  A queen bee (D:8)
  3 meliai (D:15)
  2 hydra zombies (Hell)
  33 jumping spiders
  8 trolls
  A yaktaur skeleton (Vaults:2)
  A wind drake (shapeshifter) (Abyss:2)
  A merfolk (shapeshifter) (Depths:1)
  36 hornets
  34 large abominations
  A harpy skeleton (Abyss:3)
  9 blink frogs
  150 slime creatures
  6 tyrant leeches
  2 hydra skeletons
  A moth of wrath zombie (Crypt:2)
  A slime creature (shapeshifter) (D:15)
  2 alligator zombies (Hell)
  2 ettin zombies
  A fire dragon zombie (Crypt:3)
  4 meliai zombies
  11 bog bodies
  2 raiju (shapeshifter)
  30 raiju
  16 hippogriffs
  2 stone giant simulacra
  7 flying skulls
  15 spriggans
  A hippogriff (shapeshifter) (Vaults:3)
  14 water elementals
  3 air elementals
  71 redbacks
  8 ynoxinuls
  39 tarantellas
  A human simulacrum (Vaults:3)
  A fire dragon skeleton (Abyss:3)
  8 shadows
  5 vampires
  A hog (shapeshifter) (Abyss:3)
  8 wyverns
  3 ettin skeletons
  7 fire bats
  8 yaks
  23 wraiths
  9 fire elementals
  A basilisk (shapeshifter) (Depths:4)
  31 small abominations
  10 golden eyes
  A spectral komodo dragon (Lair:2)
  2 basilisks
  9 neqoxecs
  2 steam dragons (Lair:6)
  7 hungry ghosts
  7 chaos spawn
  9 wargs
  30 vampire mosquitoes
  2 spatial vortices (Abyss:3)
  19 insubstantial wisps
  15 swamp worms
  Menkaure (D:7)
  4 acid dragons
  23 hell hounds
  2 spiny frog zombies (Hell)
  A hydra simulacrum (Abyss:3)
  13 water moccasins
  A floating eye (shapeshifter) (Depths:5)
  4 floating eyes
  9 porcupines
  39 orc warriors
  A gelid demonspawn skeleton (Crypt:1)
  2 spiny frog skeletons
  2 spectral trolls (Depths:3)
  4 sky beasts
  A black bear (Lair:2)
  An elephant zombie (Crypt:2)
  33 ogres
  2 snapping turtle zombies (Depths:3)
  2 phantoms (D:7)
  10 swamp drakes
  19 ice beasts
  8 wolves (Depths:3)
  2 hornet zombies
  9 necrophages
  A boggart (shapeshifter) (Vaults:5)
  22 centaurs
  17 eyes of draining
  2 snapping turtle skeletons
  A blink frog skeleton (Crypt:1)
  4 boggarts (Depths:1)
  A torpor snail zombie (Crypt:2)
  12 crocodiles
  6 big kobolds
  An elf zombie (Crypt:1)
  14 bullfrogs
  4 wyvern zombies
  Blork the orc (Orc:2)
  An elf skeleton (Crypt:1)
  A merfolk simulacrum (Depths:3)
  5 earth elementals
  8 scorpions
  4 spectral nagas (Depths:3)
  A dream sheep simulacrum (Lair:2)
  4 spectral ogres (Depths:3)
  29 killer bees
  5 wights
  A vampire bat (Lair:4)
  4 spectral centaurs
  8 howler monkeys
  5 jellies
  A bullfrog zombie (D:10)
  7 crimson imps
  4 lava snakes (Lair:6)
  9 hounds
  A komodo dragon simulacrum (Lair:2)
  6 quasits
  8 centaur zombies
  A basilisk zombie (Crypt:2)
  22 orc priests
  22 orc wizards
  2 bullfrog skeletons
  4 centaur skeletons
  4 iron imps
  Jessica (D:3)
  2 human skeletons
  5 iguanas
  A troll simulacrum (Depths:3)
  14 worker ants
  An acid dragon skeleton (Crypt:2)
  A felid skeleton (Crypt:2)
  A hound zombie (D:7)
  15 mummies
  2 hound skeletons
  4 worker ant zombies
  7 gnolls
  17 adders
  9 river rats (Sewer)
  3 shadow imps
  2 white imps (Abyss:3)
  3 ufetubi (Abyss:2)
  2 adder skeletons
  3 worms
  A dart slug (D:1)
  2 leopard geckos
  83 orcs
  17 bats
  11 giant cockroaches
  5 goblins
  5 hobgoblins
  7 jackals
  8 quokkas
  2 ball pythons (Sewer)
  12 frilled lizards
  A jackal skeleton (D:5)
  34 kobolds
  A kobold zombie (Crypt:3)
  2 leopard gecko skeletons
  15 rats
  4 briar patches (Swamp:2)
  A lurking horror (Abyss:2)
  9 starspawn tentacles
  A tentacle (Hell)
2966 creatures vanquished.

Vanquished Creatures (others)
  2 deep elf master archers (Elf:3)
  A tengu reaver (Crypt:3)
  A frost giant (Depths:4)
  An emperor scorpion (Spider:2)
  An ironheart preserver (Vaults:1)
  A war gargoyle (Hell)
  A yaktaur captain (Depths:5)
  A rakshasa (Abyss:3)
  A centaur warrior (Vaults:3)
  An ogre mage (Vaults:3)
  A hell hog (Hell)
  A large abomination (Pan)
  A spriggan druid (Swamp:4)
  An ironbrand convoker (Vaults:5)
  An unseen horror (Depths:1)
  2 deep elf archers
  A cyclops (Vaults:2)
  4 yaktaurs
  A freezing wraith (Abyss:3)
  A hornet (Swamp:2)
  A bog body (Swamp:4)
  A redback (Spider:4)
  A tarantella (Spider:4)
  5 small abominations (Abyss:1)
  A wraith (Depths:3)
  A warg (Orc:2)
  An ogre (Vaults:5)
  2 centaurs (Vaults:2)
  A hound (D:13)
  A jelly (D:15)
  An orc priest (Orc:2)
  3 orcs
  A briar patch (Swamp:2)
  A bush (Lair:2)
  11 fungi
  17 plants
  37 starspawn tentacles
  3 tentacles (Hell)
114 creatures vanquished.

Grand Total: 3080 creatures vanquished

Notes
Turn   | Place    | Note
-------+----------+-------------------------------------------
     0 | D:1      | Ghella the Gargoyle Fighter began the quest for the Orb.
     0 | D:1      | Reached XP level 1. HP: 14/14 MP: 1/1
   214 | D:1      | Reached XP level 2. HP: 19/19 MP: 2/2
   821 | D:1      | Reached XP level 3. HP: 21/24 MP: 3/3
  1112 | D:2      | Reached XP level 4. HP: 28/29 MP: 4/4
  1338 | D:2      | Noticed Sigmund
  1820 | D:3      | Noticed Jessica
  1831 | D:3      | Killed Jessica
  1831 | D:3      | Reached skill level 4 in Fighting
  1935 | D:3      | Reached XP level 5. HP: 31/33 MP: 5/5
  2006 | D:3      | Found a bloodstained altar of Trog.
  3584 | D:4      | Found Nos Puha's Antique Armour Shop.
  3589 | D:4      | Reached skill level 5 in Shields
  3703 | D:4      | Reached XP level 6. HP: 38/38 MP: 6/6
  3912 | D:4      | Found Foinorch's Armour Emporium.
  4016 | D:4      | Found Agorchuo's Distillery.
  4070 | D:4      | Found Leqew's Magic Scroll Shop.
  4152 | D:5      | Entered Level 5 of the Dungeon
  4152 | D:5      | Noticed a sky beast
  4321 | D:5      | Reached XP level 7. HP: 43/43 MP: 7/7
  4477 | D:5      | Reached skill level 5 in Armour
  4523 | D:5      | Found a staircase to the Ecumenical Temple.
  4538 | D:5      | Reached skill level 5 in Maces & Flails
  4560 | D:5      | Reached XP level 8. HP: 32/48 MP: 8/8
  4645 | D:5      | Found a glowing drain.
  4653 | Sewer    | Entered a sewer
  5395 | Temple   | Entered the Ecumenical Temple
  5758 | D:6      | Reached skill level 5 in Fighting
  5907 | D:6      | Noticed a hippogriff
  5921 | D:6      | Killed a hippogriff
  5921 | D:6      | Reached XP level 9. HP: 52/54 MP: 9/9
  6848 | D:7      | Noticed Menkaure
  6858 | D:7      | Killed Menkaure
  6927 | D:7      | Reached skill level 6 in Fighting
  6982 | D:7      | Identified the +4 chain mail "Isuirets" {rC+ Str-2 Dex+5
                  | SInv}
  6995 | D:7      | Reached XP level 10. HP: 32/60 MP: 10/10
  7026 | D:7      | Reached skill level 10 in Shields
  7988 | Temple   | Became a worshipper of Warmaster Okawaru
  8249 | D:8      | Noticed a two-headed ogre
  8269 | D:8      | Killed a two-headed ogre
  8269 | D:8      | Reached * piety under Okawaru
  8634 | D:8      | Reached ** piety under Okawaru
  8763 | D:8      | Found Guassume's General Store.
  8855 | D:8      | Found a shattered altar of Ashenzari.
  8948 | D:8      | Reached XP level 11. HP: 62/66 MP: 11/11
  9255 | D:9      | Identified the cursed +0 buckler of Vabluafy {rPois rF-
                  | Stlth+} (You found it on level 9 of the Dungeon)
  9858 | D:10     | Entered Level 10 of the Dungeon
  9939 | D:10     | Reached *** piety under Okawaru
 10604 | D:10     | Killed an unseen horror
 10604 | D:10     | Reached **** piety under Okawaru
 10604 | D:10     | Reached skill level 10 in Maces & Flails
 10773 | D:4      | Bought a scroll of teleportation for 36 gold pieces
 10773 | D:4      | Bought a scroll of magic mapping for 42 gold pieces
 10901 | D:11     | Found a flickering gateway to a bazaar.
 10909 | D:11     | Reached skill level 7 in Fighting
 10947 | Bazaar   | Entered a bazaar
 10947 | Bazaar   | Found Faacza's Armour Boutique.
 10947 | Bazaar   | Found Fimoq's Armour Shop.
 10947 | Bazaar   | Found Koq Quan's Antique Weapon Shop.
 10953 | Bazaar   | Bought a fine flail for 229 gold pieces
 10953 | Bazaar   | Identified the +5 flail of Midsummer {flame, +Fly Dex+2}
                  | (You bought it in a shop in a bazaar)
 10961 | Bazaar   | Bought a +0 pair of gloves for 45 gold pieces
 10961 | Bazaar   | Bought a +0 cloak for 45 gold pieces
 10961 | Bazaar   | Bought a +1 helmet of intelligence for 165 gold pieces
 11290 | D:11     | Found a staircase to the Lair.
 11292 | D:11     | Noticed a manticore
 11343 | D:11     | Killed a manticore
 11343 | D:11     | Reached ***** piety under Okawaru
 11691 | D:11     | Killed an unseen horror
 11691 | D:11     | Reached XP level 12. HP: 32/72 MP: 12/12
 12206 | D:12     | Found a staircase to the Orcish Mines.
 12882 | Lair:1   | Entered Level 1 of the Lair of Beasts
 12971 | Lair:1   | Noticed an eight-headed hydra
 12977 | Lair:1   | Killed an eight-headed hydra
 13061 | Lair:1   | Received a gift from Okawaru
 14524 | Lair:2   | Found a staircase to the Swamp.
 14534 | Lair:2   | Found a hole to the Spider Nest.
 14555 | Lair:2   | Found a runed gate.
 14556 | Lair:2   | Found a runed gate.
 14556 | Lair:2   | Found a runed gate.
 14580 | Lair:2   | Noticed XanderDroid's ghost (journeyman MiBe)
 15923 | Lair:2   | Received a gift from Okawaru
 15924 | Lair:2   | Found the +2 cloak of the Thief {+Fog Slay-2 SInv Stlth+}
 16620 | Lair:3   | Noticed Nergalle
 16633 | Lair:3   | Killed Nergalle
 16633 | Lair:3   | Reached skill level 1 in Evocations
 16667 | Lair:3   | Reached skill level 8 in Fighting
 17008 | Lair:3   | Reached XP level 13. HP: 73/78 MP: 14/14
 17752 | Lair:4   | Noticed Josephine
 17759 | Lair:4   | Killed Josephine
 17990 | Lair:4   | Identified the Catalogue of Conjuration
 18498 | Lair:5   | You fall through a shaft!
 18498 | Lair:6   | Entered Level 6 of the Lair of Beasts
 18506 | Lair:6   | Reached skill level 15 in Shields
 18524 | Lair:6   | Found a staircase to the Slime Pits.
 18524 | Lair:6   | Found a viscous altar of Jiyva.
 19232 | Lair:5   | Reached skill level 10 in Armour
 19297 | Lair:5   | Received a gift from Okawaru
 19356 | Lair:5   | Noticed Kirke
 19370 | Lair:5   | Killed Kirke
 19673 | Lair:5   | Gained mutation: Your magical capacity is low. (-10% MP)
                  | [potion of mutation]
 19673 | Lair:5   | Gained mutation: You expend magic power (3 MP) to
                  | strengthen your wands. [potion of mutation]
 19673 | Lair:5   | Gained mutation: Your spells are a little harder to cast,
                  | but a little more powerful. [potion of mutation]
 19673 | Lair:5   | Gained mutation: You can translocate small distances at
                  | will. [potion of mutation]
 20023 | Lair:6   | Identified the +7 long sword of the Extremely Mad {slice,
                  | *Drain rPois rN+ Str+4} (You found it on level 6 of the
                  | Lair of Beasts)
 20046 | Lair:6   | Reached ****** piety under Okawaru
 20217 | Lair:6   | Reached skill level 9 in Fighting
 20243 | Lair:6   | Received a gift from Okawaru
 20292 | Lair:6   | Gained mutation: Your large and strong wings let you fly
                  | indefinitely. [Gargoyle growth]
 20292 | Lair:6   | Reached XP level 14. HP: 56/86 MP: 14/14
 20721 | Lair:6   | Found a large runed door.
 20723 | Lair:6   | Found a large runed door.
 20769 | Lair:6   | Received a gift from Okawaru
 21644 | Lair:6   | Got a pitted morningstar {god gift}
 21645 | Lair:6   | Identified the +4 morningstar of Plunder {antimagic, +Fly
                  | rPois rC+} (Okawaru gifted it to you on level 6 of the Lair
                  | of Beasts)
 22276 | D:12     | Found Eruannef's Antique Armour Shoppe.
 22332 | D:12     | Bought a pair of scorched boots for 285 gold pieces
 22337 | D:12     | Identified the cursed -4 pair of boots "Yddeweb" {Int+3
                  | Stlth+} (You bought it in a shop on level 12 of the
                  | Dungeon)
 23233 | D:13     | Received a gift from Okawaru
 23691 | D:13     | Reached skill level 10 in Fighting
 23829 | D:13     | Found a shadowy altar of Dithmenos.
 23966 | D:13     | Reached skill level 15 in Maces & Flails
 24191 | D:13     | Found a gate to the Vaults.
 24323 | D:14     | Reached skill level 1 in Spellcasting
 24423 | D:14     | Reached XP level 15. HP: 74/93 MP: 15/15
 24500 | D:14     | Received a gift from Okawaru
 25295 | D:14     | Identified the +5 falchion of Jioshr Icrin {vamp, +Rage
                  | rC+} (You found it on level 14 of the Dungeon)
 25422 | D:14     | Noticed a ghoul
 25464 | D:14     | Killed a ghoul
 25665 | D:14     | Noticed a ghoul
 25668 | D:14     | Noticed a ghoul
 25730 | D:14     | Killed a ghoul
 26062 | D:14     | Killed a ghoul
 26062 | D:14     | Received a gift from Okawaru
 26071 | D:14     | Identified the +2 pair of gloves of Chill Winds {*Corrode
                  | +Fly rC- SInv} (Okawaru gifted it to you on level 14 of the
                  | Dungeon)
 26289 | D:15     | Entered Level 15 of the Dungeon
 26800 | D:15     | Reached skill level 11 in Fighting
 26936 | D:15     | Gained mutation: Your magical capacity is very low. (-20%
                  | MP) [a shining eye]
 27119 | D:15     | Noticed Rupert
 27146 | D:15     | Killed Rupert
 27155 | D:15     | Identified the cursed +1 ring mail "Poguw" {*Corrode Str+8}
 27189 | D:15     | Noticed an emperor scorpion
 27189 | D:15     | an entropy weaver changed into an emperor scorpion
 27720 | Spider:1 | Entered Level 1 of the Spider Nest
 27878 | Spider:1 | Noticed Frances
 27904 | Spider:1 | Killed Frances
 27904 | Spider:1 | Reached XP level 16. HP: 67/100 MP: 14/17
 29601 | Spider:1 | Received a gift from Okawaru
 29918 | Spider:2 | Reached skill level 5 in Spellcasting
 30194 | Spider:2 | Received a gift from Okawaru
 30197 | Spider:2 | Identified the +1 shield "Henipp" {rCorr Str+3 SInv}
                  | (Okawaru gifted it to you on level 2 of the Spider Nest)
 30700 | Spider:3 | Found a runed gate.
 30700 | Spider:3 | Found a runed gate.
 30700 | Spider:3 | Found a runed gate.
 30710 | Spider:3 | Noticed XanderDroid's ghost (adept MiBe)
 30813 | Spider:3 | Reached skill level 12 in Fighting
 31067 | Spider:3 | Noticed Azrael
 31367 | Spider:2 | Killed Azrael
 31740 | Spider:3 | Noticed Asterion
 31741 | Spider:3 | Noticed an Executioner
 32731 | Swamp:1  | Entered Level 1 of the Swamp
 32733 | Swamp:1  | Found a runed gate.
 32743 | Swamp:1  | Found a runed gate.
 33877 | Swamp:1  | Noticed melvinkitnick's ghost (adept SpEn)
 33878 | Swamp:1  | Found a runed gate.
 34071 | Swamp:1  | Reached XP level 17. HP: 93/106 MP: 16/20
 34297 | Swamp:1  | Received a gift from Okawaru
 35578 | Swamp:3  | Noticed Louise
 35956 | Swamp:3  | Killed Louise
 36634 | Swamp:4  | Entered Level 4 of the Swamp
 37993 | Swamp:3  | Received a gift from Okawaru
 37996 | Swamp:3  | Identified the +3 broad axe "Kothraij" {holy, Dex+6}
                  | (Okawaru gifted it to you on level 3 of the Swamp)
 38692 | Swamp:4  | Reached skill level 13 in Fighting
 38718 | Swamp:4  | Learned a level 2 spell: Blink
 39026 | Swamp:4  | Got a decaying rune of Zot
 39147 | Swamp:4  | Received a gift from Okawaru
 39722 | Lair:2   | Killed XanderDroid's ghost
 39722 | Lair:2   | Reached XP level 18. HP: 41/114 MP: 1/23
 40547 | Spider:3 | Killed Asterion
 40547 | Spider:3 | Reached skill level 1 in Axes
 40681 | Spider:3 | Found a runed door.
 41452 | Spider:3 | Lost mutation: Your spells are a little harder to cast, but
                  | a little more powerful. [potion of mutation]
 41452 | Spider:3 | Lost mutation: Your magical capacity is very low. (-20% MP)
                  | [potion of mutation]
 41452 | Spider:3 | Gained mutation: Armour fits poorly on your strangely
                  | shaped body. [potion of mutation]
 41452 | Spider:3 | Gained mutation: You have large cloven feet. [potion of
                  | mutation]
 41502 | Spider:4 | Entered Level 4 of the Spider Nest
 41502 | Spider:4 | Noticed Agnes
 41545 | Spider:3 | Received a gift from Okawaru
 41564 | Spider:3 | Identified the +3 quarterstaff of the Middle {antimagic,
                  | +Blink rElec} (Okawaru gifted it to you on level 3 of the
                  | Spider Nest)
 41585 | Spider:4 | Killed Agnes
 42190 | Spider:4 | Reached skill level 5 in Axes
 43492 | Spider:4 | Received a gift from Okawaru
 44390 | Spider:4 | Got a gossamer rune of Zot
 46138 | Swamp:1  | Killed melvinkitnick's ghost
 46138 | Swamp:1  | Reached skill level 14 in Fighting
 46164 | Swamp:1  | Identified the +0 hat "Sauref" {rF+ MR+ Str+2 Dex+4} (You
                  | found it on level 1 of the Swamp)
 46336 | Depths:1 | Entered Level 1 of the Depths
 46427 | Depths:1 | Received a gift from Okawaru
 46499 | D:15     | Reached XP level 19. HP: 121/121 MP: 26/26
 46540 | Depths:1 | Identified the +6 falchion of Integrity {slice, rElec MR-
                  | Int+4 Dex+4} (Okawaru gifted it to you on level 1 of the
                  | Depths)
 46564 | Depths:1 | Identified a scroll of acquirement
 47041 | Depths:1 | Identified the +5 dagger "Cyetog" {pierce, Fragile rPois
                  | rF+ SInv} (You found it on level 1 of the Depths)
 47231 | Depths:1 | Received a gift from Okawaru
 47656 | Depths:1 | Identified the cursed +0 demon whip "Okhu" {freeze, rC-
                  | Str+7}
 47818 | Depths:1 | Found a gateway to Hell.
 48361 | Depths:2 | Found Noifru's Assorted Antiques.
 48429 | Depths:2 | Bought a potion of curing for 96 gold pieces
 48791 | Depths:2 | Found a one-way gate to the infinite horrors of the Abyss.
 50230 | Depths:2 | Identified Sif Muna's Guide on Execration and Poisoning
 50721 | Depths:3 | Reached skill level 10 in Axes
 50760 | Depths:3 | Noticed Saint Roka
 51266 | Depths:3 | Identified the Volume of the Thirsty Beds
 51269 | Depths:3 | Reached skill level 15 in Fighting
 51269 | Depths:3 | Reached XP level 20. HP: 129/129 MP: 27/27
 51507 | Depths:3 | Reached XP level 21. HP: 134/134 MP: 28/28
 51549 | Depths:3 | Killed Saint Roka
 52266 | Orc:1    | Entered Level 1 of the Orcish Mines
 52278 | Orc:1    | Received a gift from Okawaru
 52283 | Orc:1    | Identified the +2 pair of gloves "Muv Mib" {rN+} (Okawaru
                  | gifted it to you on level 1 of the Orcish Mines)
 52371 | Orc:2    | Entered Level 2 of the Orcish Mines
 52431 | Orc:2    | Noticed Blork the orc
 52436 | Orc:2    | Killed Blork the orc
 52619 | Orc:2    | Noticed Urug
 52636 | Orc:2    | Killed Urug
 52637 | Orc:2    | Found a roughly hewn altar of Beogh.
 52660 | Orc:2    | Found Raoruch's Book Boutique.
 52683 | Orc:2    | Found a frozen archway.
 52686 | Orc:2    | Found a staircase to the Elven Halls.
 52694 | IceCv    | Entered an ice cave
 52873 | IceCv    | Identified the ring "Afootel" {Fire Int+3} (You found it in
                  | an ice cave)
 53556 | Orc:2    | Found Emyf's Antique Armour Boutique.
 53678 | Orc:2    | Found Tozeifar's Antique Weapon Boutique.
 53748 | Orc:2    | Found Gyori's General Store.
 53833 | Elf:1    | Entered Level 1 of the Elven Halls
 53848 | Elf:1    | Found a radiant altar of Vehumet.
 54303 | Elf:1    | Received a gift from Okawaru
 54581 | Elf:1    | Identified the Guide on Companions
 54945 | Elf:2    | Found Majopit's Assorted Antiques.
 54948 | Elf:2    | Found Buodez's Distillery.
 54975 | Elf:2    | Bought a potion of curing for 45 gold pieces
 54975 | Elf:2    | Bought a potion of haste for 150 gold pieces
 54975 | Elf:2    | Bought a potion of curing for 45 gold pieces
 54975 | Elf:2    | Bought a potion of curing for 45 gold pieces
 55101 | Elf:2    | Found Foac's Armour Shoppe.
 55128 | Elf:2    | Found Feorioff's Antique Armour Shop.
 55149 | Elf:2    | Bought a bloodstained plate armour for 700 gold pieces
 55149 | Elf:2    | Identified the +5 plate armour "Jewk" {+Inv rElec} (You
                  | bought it in a shop on level 2 of the Elven Halls)
 55255 | Elf:2    | Identified the +3 morningstar of Fate {flame, rC+ rN++
                  | Dex-2 Stlth+} (You found it on level 2 of the Elven Halls)
 55286 | Elf:2    | Found a runed gate.
 55291 | Elf:2    | Found a runed gate.
 55291 | Elf:2    | Found a runed gate.
 55442 | Elf:2    | Found Rafofuda's Gadget Boutique.
 55863 | Elf:2    | Reached skill level 16 in Fighting
 55928 | Elf:2    | Received a gift from Okawaru
 56072 | Elf:2    | Reached XP level 22. HP: 142/142 MP: 29/29
 56181 | Elf:3    | Entered Level 3 of the Elven Halls
 56571 | Lair:1   | Upgraded the game from 0.23-a0-767-gdc19b93 to
                  | 0.23-a0-808-gd21de94
 56934 | Depths:3 | Found a one-way gate leading to the halls of Pandemonium.
 57477 | Depths:3 | Noticed a juggernaut
 57487 | Depths:3 | Killed a juggernaut
 57487 | Depths:3 | Received a gift from Okawaru
 58635 | Depths:4 | Received a gift from Okawaru
 58638 | Depths:4 | Identified the +1 pair of boots "Ilawouc" {rF- Int+7}
                  | (Okawaru gifted it to you on level 4 of the Depths)
 58721 | Depths:4 | Found a gateway to a ziggurat.
 59145 | Depths:4 | Paralysed by a floating eye for 4 turns
 60114 | Depths:4 | Noticed a caustic shrike
 60126 | Depths:4 | Killed a caustic shrike
 60163 | Depths:4 | Noticed an ancient lich
 60168 | Depths:4 | Noticed a golden dragon
 60282 | Depths:4 | Noticed a juggernaut
 60299 | Depths:4 | Killed a juggernaut
 60299 | Depths:4 | Reached skill level 15 in Armour
 60299 | Depths:4 | Reached XP level 23. HP: 148/148 MP: 30/30
 60361 | Depths:4 | Killed an ancient lich
 60361 | Depths:4 | Received a gift from Okawaru
 60361 | Depths:4 | Reached skill level 17 in Fighting
 60364 | Depths:4 | Identified the +2 hat "Vuneixuy" {Slay+3} (Okawaru gifted
                  | it to you on level 4 of the Depths)
 60737 | Depths:4 | Got a translucent turquoise ring
 60738 | Depths:4 | Identified the ring "Ezuig" {*Tele rPois rF- rN+ Str+4}
                  | (You found it on level 4 of the Depths)
 60753 | Depths:4 | Identified the +1 plate armour of Raoco {MR+ Dex+5} (You
                  | found it on level 4 of the Depths)
 60837 | Depths:5 | Entered Level 5 of the Depths
 61118 | Vaults:1 | Entered Level 1 of the Vaults
 62035 | Vaults:1 | Gained mutation: Your magical capacity is very low. (-20%
                  | MP) [a neqoxec]
 62443 | Vaults:1 | Lost mutation: You have large cloven feet. [potion of
                  | mutation]
 62443 | Vaults:1 | Lost mutation: Your magical capacity is very low. (-20% MP)
                  | [potion of mutation]
 62443 | Vaults:1 | Gained mutation: Scrolls take you a little longer to read.
                  | [potion of mutation]
 62443 | Vaults:1 | Gained mutation: You are partially covered in yellow
                  | scales. (AC +2) [potion of mutation]
 62443 | Vaults:1 | Gained mutation: You are robust. (+10% HP) [potion of
                  | mutation]
 63190 | Vaults:1 | Received a gift from Okawaru
 63915 | Vaults:2 | Noticed Frederick
 63932 | Vaults:2 | Killed Frederick
 63975 | Vaults:2 | Found a large runed door.
 63975 | Vaults:2 | Found a large runed door.
 63975 | Vaults:2 | Noticed Xaq Wocw's ghost (master HOAK)
 65047 | Vaults:3 | Reached XP level 24. HP: 172/172 MP: 30/30
 65050 | Vaults:3 | Received a gift from Okawaru
 65300 | Vaults:3 | Received a gift from Okawaru
 65311 | Vaults:3 | Found Gank's Magic Scroll Shoppe.
 65319 | Vaults:3 | Bought a scroll of silence for 120 gold pieces
 65319 | Vaults:3 | Bought a scroll of identify for 32 gold pieces
 65319 | Vaults:3 | Bought a scroll of identify for 32 gold pieces
 65767 | Vaults:3 | Reached skill level 18 in Fighting
 65937 | Vaults:3 | Found a staircase to the Crypt.
 65937 | Vaults:3 | Found an ancient bone altar of Kikubaaqudgha.
 65938 | Vaults:3 | Found a basalt altar of Yredelemnul.
 66440 | Vaults:3 | Received a gift from Okawaru
 66471 | Vaults:3 | Identified the +11 morningstar of the Rattle-Snake {speed,
                  | MP+9} (Okawaru gifted it to you on level 3 of the Vaults)
 66882 | Vaults:3 | You fall through a shaft!
 67465 | Vaults:4 | Found Qibal's Food Boutique.
 67685 | Vaults:4 | Received a gift from Okawaru
 67870 | Vaults:4 | Identified the ring of Xom's Condemnation {Str-4 Int+3
                  | Dex+5} (You found it on level 4 of the Vaults)
 68279 | Vaults:5 | Entered Level 5 of the Vaults
 68420 | Vaults:4 | Received a gift from Okawaru
 68475 | Vaults:5 | Reached XP level 25. HP: 180/180 MP: 29/30
 68500 | Vaults:5 | Reached skill level 1 in Invocations
 68510 | Vaults:5 | Identified the cursed +2 flail of Gallantry {drain, Int+2
                  | Dex+4 Stlth-}
 68533 | Vaults:5 | Identified the +9 shortbow "Tedyc" {venom, rF+ MR+ Stlth+}
 68555 | Vaults:5 | HP: 9/180 [tentacled monstrosity (7)]
 68556 | Vaults:5 | HP: 2/180 [tentacled monstrosity (5)]
 68631 | Vaults:5 | Reached skill level 19 in Fighting
 68639 | Vaults:5 | Got a silver rune of Zot
 68717 | Vaults:5 | Identified the +9 hand axe "Gohiutax" {venom, *Drain rPois
                  | rC++ Dex+4}
 68949 | Vaults:5 | HP: 8/182 [shadow dragon (6)]
 69660 | Vaults:5 | Identified the +5 scale mail of the Skies Above {rC+}
 69662 | Vaults:5 | Received a gift from Okawaru
 69700 | Vaults:5 | Noticed Mara
 69702 | Vaults:5 | Noticed Ghella's illusion
 69715 | Vaults:5 | Reached skill level 20 in Fighting
 69781 | Vaults:5 | Found Bing's Book Shoppe.
 69879 | Vaults:5 | Noticed Ghella's illusion
 69900 | Vaults:5 | Killed Mara
 70283 | Vaults:5 | Paralysed by a sphinx for 3 turns
 70290 | Vaults:5 | Received a gift from Okawaru
 70577 | Vaults:5 | Identified the +2 chain mail "Zossymar" {rC- MR++ Str+3}
 70585 | Vaults:5 | Reached XP level 26. HP: 191/192 MP: 30/30
 70599 | Vaults:5 | Received a gift from Okawaru
 70822 | Vaults:2 | Identified the +2 pair of gloves of Jeyryin {Str+2} (You
                  | found it on level 2 of the Vaults)
 70929 | D:12     | Bought bloodstained gold dragon scales for 2550 gold pieces
 70933 | D:12     | Identified the +10 gold dragon scales of Trog's Generosity
                  | {+Inv rPois rF+ rC+ MR+ MP-9 Str+4 Dex+4} (You bought it in
                  | a shop on level 12 of the Dungeon)
 71235 | Elf:3    | Found Attatobi's Magic Scroll Boutique.
 71343 | Elf:3    | Bought a scroll of teleportation for 45 gold pieces
 71343 | Elf:3    | Bought a scroll of teleportation for 45 gold pieces
 71343 | Elf:3    | Bought a scroll of blinking for 112 gold pieces
 71518 | Elf:3    | Identified the +4 spear of Ulu Keif {freeze, rN+ Int-2
                  | Dex+2 SInv}
 71709 | Elf:3    | Identified the +7 scimitar of a Gauntlet {distort, MP+9}
 71725 | Elf:3    | Identified the +7 broad axe of Fofoargh {flame, rElec rC-
                  | rN+++ Dex-5}
 71782 | Elf:3    | Reached skill level 21 in Fighting
 71812 | Elf:3    | Identified the cursed +0 halberd of the Special Songs
                  | {elec, rPois Int+4}
 71814 | Elf:3    | Identified the Volume of Necromancy
 71857 | Elf:3    | Identified the amulet "Jatruh" {Gourm rElec rPois rF+} (You
                  | found it on level 3 of the Elven Halls)
 71896 | Elf:3    | Identified the amulet "Waselack" {Inacc MR+ Int+4 SInv}
                  | (You found it on level 3 of the Elven Halls)
 71899 | Elf:3    | Identified the +1 helmet "Toheirroeg" {Slay+2} (You found
                  | it on level 3 of the Elven Halls)
 71913 | Elf:3    | Identified the +10 dagger of Doom {pain, +Blink Dex+4} (You
                  | found it on level 3 of the Elven Halls)
 72545 | Depths:5 | Noticed Jory
 72730 | Depths:5 | Paralysed by a floating eye for 3 turns
 72738 | Depths:5 | Paralysed by a floating eye for 3 turns
 72740 | Depths:5 | Noticed Boris
 73211 | Depths:4 | Killed Jory
 73389 | Depths:5 | Paralysed by a floating eye for 2 turns
 74614 | Depths:2 | Bought a scroll of blinking for 240 gold pieces
 74647 | Depths:2 | Identified the +2 leather armour of Indemnity {rPois} (You
                  | found it on level 2 of the Depths)
 74742 | Depths:5 | Paralysed by a floating eye for 2 turns
 74748 | Depths:5 | Paralysed by a floating eye for 4 turns
 74772 | Depths:4 | Killed Boris
 75046 | Depths:5 | Paralysed by a floating eye for 2 turns
 75245 | Depths:5 | Found a gate to the Realm of Zot.
 76029 | Crypt:1  | Entered Level 1 of the Crypt
 76581 | Crypt:1  | Received a gift from Okawaru
 76868 | Crypt:1  | Reached skill level 22 in Fighting
 77005 | Crypt:2  | Reached XP level 27. HP: 202/202 MP: 21/30
 77430 | Crypt:2  | Noticed Mennas
 77439 | Crypt:2  | Killed Mennas
 77744 | Crypt:3  | Entered Level 3 of the Crypt
 78133 | Crypt:3  | Reached skill level 23 in Fighting
 78152 | Crypt:3  | Noticed Sojobo
 78750 | Crypt:3  | Killed Sojobo
 79228 | Crypt:3  | Got a pitted silver ring
 79228 | Crypt:3  | Got a fine jade ring
 79231 | Crypt:3  | Identified the ring "Daiturch" {rElec rN+} (You found it on
                  | level 3 of the Crypt)
 79233 | Crypt:3  | Identified the ring of Gisainoxt {rC+ rN+} (You found it on
                  | level 3 of the Crypt)
 79364 | Crypt:3  | Found an ancient bone altar of Kikubaaqudgha.
 79404 | Crypt:3  | Identified the Volume of the Glacier
 79417 | Crypt:3  | Noticed an ancient lich
 79422 | Crypt:3  | Killed an ancient lich
 79422 | Crypt:3  | Received a gift from Okawaru
 79750 | Crypt:3  | Found the +4 dagger "Morg" {pain, MR+ Int+5}
 79802 | Crypt:3  | Found a staircase to the Tomb.
 79870 | Crypt:3  | Identified the Catalogue of Gliding Orientation
 79985 | Crypt:3  | Noticed Bai Suzhen
 80854 | Crypt:3  | Killed Bai Suzhen
 80854 | Crypt:3  | Reached skill level 24 in Fighting
 81597 | Slime:1  | Entered Level 1 of the Pits of Slime
 81666 | Slime:1  | Gained mutation: You are clumsy. (Dex -2) [a shining eye]
 81668 | Slime:1  | Gained mutation: Your magical capacity is very low. (-20%
                  | MP) [a shining eye]
 81670 | Slime:1  | Gained mutation: You are very clumsy. (Dex -4) [a shining
                  | eye]
 82865 | Slime:2  | Gained mutation: You are weak. (Str -2) [a shining eye]
 83671 | Slime:3  | Gained mutation: Your magical capacity is extremely low.
                  | (-30% MP) [a shining eye]
 83685 | Slime:3  | Gained mutation: Your spells are a little easier to cast,
                  | but a little less powerful. [a shining eye]
 83990 | Slime:4  | Gained mutation: [You tend to lose your temper in combat.]
                  | [a shining eye]
 83991 | Slime:4  | Gained mutation: You are very weak. (Str -4) [a shining
                  | eye]
 84469 | Slime:4  | Reached skill level 25 in Fighting
 84616 | Slime:4  | Received a gift from Okawaru
 84635 | Slime:4  | Identified the +0 plate armour of a Labyrinth {rF++}
                  | (Okawaru gifted it to you on level 4 of the Pits of Slime)
 85636 | Slime:5  | Entered Level 5 of the Pits of Slime
 85853 | Slime:5  | Gained mutation: Potions are less effective at restoring
                  | your health. [a shining eye]
 85861 | Slime:5  | Gained mutation: Potions are poor at restoring your health.
                  | [a shining eye]
 85863 | Slime:5  | Gained mutation: Potions cannot restore your health. [a
                  | shining eye]
 85923 | Slime:5  | Lost mutation: You expend magic power (3 MP) to strengthen
                  | your wands. [a shining eye]
 85928 | Slime:5  | Gained mutation: Your spells are easier to cast, but less
                  | powerful. [a shining eye]
 86229 | Slime:5  | Gained mutation: You are dopey. (Int -2) [a shining eye]
 86255 | Slime:5  | Lost mutation: You are robust. (+10% HP) [a shining eye]
 86258 | Slime:5  | Gained mutation: Your body sometimes deteriorates upon
                  | taking damage. [a shining eye]
 86290 | Slime:5  | Noticed the Royal Jelly
 86292 | Slime:5  | Lost mutation: You are dopey. (Int -2) [a shining eye]
 86296 | Slime:5  | Gained mutation: You occasionally shout uncontrollably at
                  | your foes. [a shining eye]
 86362 | Slime:5  | Killed the Royal Jelly
 87130 | Slime:5  | Got a slimy rune of Zot
 87174 | Slime:5  | Identified the cursed +0 ice dragon scales "Qozipiuh"
                  | {rPois rF- rC++ rN++ Int+3 Dex-3} (You found it on level 5
                  | of the Pits of Slime)
 87190 | Slime:5  | Identified Gyneomesh's Incunabulum of Fiery Changing
 87196 | Slime:5  | Lost mutation: Your magical capacity is extremely low.
                  | (-30% MP) [potion of mutation]
 87196 | Slime:5  | Lost mutation: Your body sometimes deteriorates upon taking
                  | damage. [potion of mutation]
 87196 | Slime:5  | Lost mutation: Your spells are easier to cast, but less
                  | powerful. [potion of mutation]
 87196 | Slime:5  | Lost mutation: Your magical capacity is very low. (-20% MP)
                  | [potion of mutation]
 87196 | Slime:5  | Gained mutation: Your mind is acute. (Int +2) [potion of
                  | mutation]
 87211 | Slime:5  | Got a glittering jade ring
 87214 | Slime:5  | Identified the ring "Erolusis" {rN+ AC+1} (You found it on
                  | level 5 of the Pits of Slime)
 87231 | Slime:5  | Lost mutation: Armour fits poorly on your strangely shaped
                  | body. [potion of mutation]
 87231 | Slime:5  | Lost mutation: Your mind is acute. (Int +2) [potion of
                  | mutation]
 87231 | Slime:5  | Lost mutation: You are very clumsy. (Dex -4) [potion of
                  | mutation]
 87231 | Slime:5  | Lost mutation: Scrolls take you a little longer to read.
                  | [potion of mutation]
 87231 | Slime:5  | Lost mutation: You are partially covered in yellow scales.
                  | (AC +2) [potion of mutation]
 87231 | Slime:5  | Lost mutation: Your magical capacity is low. (-10% MP)
                  | [potion of mutation]
 87231 | Slime:5  | Lost mutation: You are very weak. (Str -4) [potion of
                  | mutation]
 87598 | Orc:2    | Bought a potion of mutation for 88 gold pieces
 87599 | Orc:2    | Lost mutation: [You tend to lose your temper in combat.]
                  | [potion of mutation]
 87599 | Orc:2    | Lost mutation: You are clumsy. (Dex -2) [potion of
                  | mutation]
 87599 | Orc:2    | Lost mutation: Your spells are a little easier to cast, but
                  | a little less powerful. [potion of mutation]
 88022 | Depths:2 | Voluntarily entered the Abyss.
 88220 | Abyss:1  | Found a corrupted altar of Lugonu.
 88323 | Abyss:1  | Reached skill level 26 in Fighting
 88938 | Abyss:2  | Found a corrupted altar of Lugonu.
 89129 | Abyss:2  | Received a gift from Okawaru
 89132 | Abyss:2  | Identified the +3 war axe of the Hummingbird {freeze, rPois
                  | Str-2 Int+8 Dex+3} (Okawaru gifted it to you on level 2 of
                  | the Abyss)
 89884 | Abyss:3  | Reached skill level 27 in Fighting
 89900 | Abyss:3  | Reached skill level 1 in Dodging
 90181 | Abyss:3  | Received a gift from Okawaru
 90696 | Abyss:3  | Reached skill level 5 in Dodging
 90795 | Abyss:3  | Gained mutation: You are very frail. (-20% HP) [a neqoxec]
 90802 | Abyss:3  | Received a gift from Okawaru
 90809 | Abyss:3  | Got a polished battleaxe {god gift}
 90815 | Abyss:3  | Paralysed by accursed screaming for 1 turns
 90820 | Abyss:3  | HP: 4/159 [starcursed mass/accursed screaming (6)]
 91001 | Abyss:4  | Found a corrupted altar of Lugonu.
 91084 | Abyss:4  | Found a corrupted altar of Lugonu.
 91103 | Depths:2 | Escaped the Abyss
 91416 | Depths:2 | Identified the +1 battleaxe of Okawaru's Whim {chop, *Rage
                  | Str+8} (Okawaru gifted it to you on level 3 of the Abyss)
 91491 | Hell     | Entered the Vestibule of Hell
 91491 | Hell     | Noticed Geryon
 91517 | Hell     | Killed Geryon
 92130 | Hell     | Noticed Murray
 92150 | Hell     | Killed Murray
 92291 | Hell     | Found a gateway to the ashen valley of Gehenna.
 92335 | Hell     | Found a gateway to the Iron City of Dis.
 92496 | Hell     | Found a gateway to the decaying netherworld of Tartarus.
 92501 | Hell     | Received a gift from Okawaru
 92647 | Hell     | Found a gateway to the freezing wastes of Cocytus.
 92857 | Pan      | Entered Pandemonium
 93000 | Pan      | Found a transporter.
 93001 | Pan      | Identified the ring "Uwnoptoa" {rElec MR+ MP+9}
 93350 | Pan      | Found a transporter.
 93795 | Pan      | Gained mutation: You are very weak. (Str -4) [a cacodemon]
 93806 | Pan      | Gained mutation: You sometimes yell uncontrollably at your
                  | foes. [a cacodemon]
 93807 | Pan      | Received a gift from Okawaru
 94205 | Pan      | Found an exit through the horrors of the Abyss.
 94220 | Pan      | Gained mutation: Armour fits poorly on your strangely
                  | shaped body. [a neqoxec]
 94673 | Pan      | Received a gift from Okawaru
 94776 | Pan      | Noticed Piex the pandemonium lord
 94878 | Pan      | Took an exit into the Abyss.
 94878 | Abyss:1  | Escaped into the Abyss
 94896 | Abyss:1  | HP: 3/179 [starcursed mass/accursed screaming (13)]
 96079 | Abyss:1  | Paralysed by accursed screaming for 1 turns
 96081 | Abyss:1  | Paralysed by accursed screaming for 1 turns
 96090 | Abyss:1  | HP: 8/179 [starcursed mass/accursed screaming (8)]
 96090 | Abyss:1  | Paralysed by accursed screaming for 2 turns
 96095 | Abyss:1  | Slain by a spatial maelstrom

Vault maps used:
D:1:      dpeg_arrival_circle_labyrinth_c, hangedman_decor_peaks_small,
          grunt_decor_resistance
D:2:      minmay_wonky_spiral, chequers_avenue, uniq_sigmund
D:3:      lemuel_crystal_altar, uniq_jessica
D:4:      first_ration, serial_shops, kennysheep_mini,
          nicolae_shop_behind_doors, nicolae_shop_competitors_out_of_business,
          nicolae_shop_behind_doors
D:5:      minmay_temple_entry_offerings, cheibrodos_sewer_entry_bend,
          minmay_a_box_with_orc_wizards_in_it
D:6:      wander_river
D:7:      minmay_the_grid_plus_closed, serial_glass, glass_columns_a,
          glass_columns_a, chequers_garden, uniq_menkaure
D:8:      basic_altar, serial_shops, kennysheep_little_box, david_nohive_1,
          chequers_serial_rivers_small_b
D:10:     hangedman_decor_opposing
D:11:     david_lair_generic, serial_shops, bzr_entry_dummy, serial_glass,
          glass_columns_a, glass_columns_a, minmay_strange_pillars
D:12:     orc_0_dummy, serial_shops, shop
D:13:     lightli_vaults_fourway_checkpoint, grunt_dithmenos_smoke_and_mirrors
D:14:     serial_undead, serial_undead_b, serial_undead_a, serial_undead_e,
          serial_undead_d, serial_undead_d, serial_undead_a,
          minmay_strange_pillars
D:15:     hangedman_depths_entry_try_elsewhere_first, chequers_mini_garden,
          uniq_rupert
Temple:   kilobyte_greek_temple
Lair:1:   lemuel_fruit_tree, grunt_megastairs_4, infiniplex_staircase_pool
Lair:2:   minmay_swamp_entry_worms, spider_nest_entry_a,
          gammafunk_ghost_necromancy, minmay_lindwurm_lava,
          minmay_lair_oklob_chamber
Lair:3:   lightli_volcano_entry_magma_tube, beast_lair_carwin_11,
          serial_bayou_shore_b, lemuel_fruit_fields, grunt_megastairs_5,
          uniq_nergalle
Lair:4:   roderic_batcave, serial_bayou_shore_b, lemuel_fruit_fields,
          uniq_josephine
Lair:5:   uniq_kirke
Lair:6:   cheibrodos_lair_end_hotspot, slime_altar_1, serial_bayou_crossing
Swamp:1:  gammafunk_ghost_hydra_chop, evilmike_swamp_ruin_house_5, swamp_pool1
Swamp:2:  nicolae_swamp_trees_clearing, st_swamp_ruins_2
Swamp:3:  evilmike_swamp_ruin_rubble_2, uniq_louise
Swamp:4:  swamp_alternative, nicolae_swamp_dense_foliage
Spider:1: spiders_nest_scorpion_pit, uniq_frances
Spider:3: cheibrodos_spider_deadly_dance, gammafunk_ghost_split, uniq_asterion,
          uniq_azrael
Spider:4: grunt_spider_rune_parallel, uniq_agnes
Slime:1:  cheibrodos_slime_lost_civilization_1
Slime:3:  cheibrodos_slime_lost_civilization_5
Orc:1:    serial_shops, shop
Orc:2:    grunt_orc_cross, portal_ice_cave_rime
Elf:1:    eino_elf_arrival_altar, serial_glass, glass_columns_a,
          glass_columns_c, minmay_elf_demonology
Elf:2:    serial_shops, shop, shop, shop, nicolae_shop_crystal, shop
Elf:3:    grunt_elf_hall_asides, serial_shops, nicolae_shop_statue_plus
Vaults:1: grunt_vaults_diagonal, v_misc_16, vaults_room_grid, v_misc_11,
          nicolae_vaults_asterisk, hangedman_vaults_locks,
          nicolae_vaults_alarming, nicolae_vaults_little_squares_5,
          ontoclasm_vaults_chip, vaults_dpeg_ring
Vaults:2: advil_vaults_ghost_guards, v_alt_pattern_5, vaults_room_door_ring,
          ontoclasm_vaults_decontamination, nicolae_vaults_circle_grid_b,
          vaults_room_large_hall, dpeg_vaults_monster_box, uniq_frederick
Vaults:3: nicolae_vaults_big_ls, ontoclasm_vaults_ring_square,
          nicolae_vaults_inception_corners, st_eye, v_rooms_2,
          ontoclasm_vaults_ligature, v_rooms_5, minmay_crypt_entry_necro_gods,
          ontoclasm_vaults_bender, vaults_standard_mumra_enter_the_diamond,
          v_alt_pattern_2, hangedman_vaults_stretched_pinwheel, v_misc_25,
          nicolae_vaults_little_ls, serial_shops, shop_scrolls
Vaults:4: nicolae_vaults_little_squares_6, v_misc_12, v_misc_27, v_misc_33,
          vaults_standard_mumra_enter_the_diamond,
          nicolae_vaults_border_crossing, v_misc_25, vaults_room_pools,
          ontoclasm_vaults_spin, serial_shops, nicolae_shop_behind_doors
Vaults:5: uniq_mara
Crypt:1:  grunt_crypt_arrival_guarded_gate
Crypt:2:  uniq_mennas
Crypt:3:  quadcrypt_mu, uniq_sojobo, uniq_bai_suzhen
Depths:1: hellmouth_1, serial_bayou_shore_b, minmay_stone_trees_small,
          due_unseen_surprise, serial_bayou_shore_b
Depths:2: kennysheep_demon_jail, chequers_jeans, serial_shops, shop,
          grunt_hell_horde, abyss_entry
Depths:3: lemuel_river_lethe, abyss_entry, hell_entry, pan_entry,
          uniq_saint_roka
Depths:4: minmay_tile_spiral, enter_ziggurat_e, infiniplex_staircase_zigzag_4,
          pf_hell_entry_tar_spiral, abyss_entry_small_statue_room,
          evilmike_minifort
Depths:5: grunt_crosshair, minivault_11, minmay_room_of_horrors, hell_entry,
          serial_bayou_shore_a, uniq_jory, uniq_boris
Abyss:2:  minivault_26
Abyss:3:  nicolae_abyss_rune_left_handed
Abyss:4:  nicolae_abyss_rune_left_handed, minivault_24
Pan:      gammafunk_the_bubble, pan_blood_fountain_small,
          reaverb_pan_chaos_star, evilmike_mini_pan_branches
Bazaar:   bazaar_outfitter
Sewer:    sewer_co_cracked_pipes
IceCv:    ice_cave_small_dragons

Skill      XL: |  1  2  3  4  5  6  7  8  9 10 11 12 13 14 15 16 17 18 19 20 21 22 23 24 25 26 27 |
---------------+----------------------------------------------------------------------------------+-----
Shields        | 4 5 6 8 9 12 13 14 15 16 18 19 20 21 22 23 24 25 26 | 26.8
Fighting       | 4 5 6 7 8 9 10 11 12 13 14 15 16 17 18 20 22 27 | 27.0
Armour         | 4 5 6 7 8 9 10 11 12 13 15 16 17 21 | 21.9
Maces & Flails | 3 4 5 6 8 9 10 12 14 15 16 17 18 19 20 | 20.6
Evocations     | 2 |  2.6
Spellcasting   | 1 4 5 7 9 |  9.3
Axes           | 7 11 12 13 14 | 14.6
Invocations    | 1 4 |  4.7
Dodging        | 8 |  8.0

Action                   |  1- 3 |  4- 6 |  7- 9 | 10-12 | 13-15 | 16-18 | 19-21 | 22-24 | 25-27 || total
-------------------------+-------+-------+-------+-------+-------+-------+-------+-------+-------++-------
Melee: Flail             |   147 |   239 |   517 |  1091 |  1411 |   322 |   103 |       |       ||  3830
       Demon whip        |       |       |       |    59 |   177 |  1090 |       |       |       ||  1326
       Eveningstar       |       |       |       |       |       |   919 |  1282 |  2083 |  1426 ||  5710
       Kick              |       |       |       |       |       |   121 |       |       |       ||   121
       Broad axe         |       |       |       |       |       |    57 |   157 |       |  1549 ||  1763
       Morningstar       |       |       |       |       |       |       |       |       |  1174 ||  1174
Invok: Heroism           |       |       |       |     2 |     1 |     5 |     1 |     6 |     8 ||    23
       Finesse           |       |       |       |       |       |     2 |       |     1 |     4 ||     7
 Abil: Evoke Flight      |       |       |       |     3 |       |       |       |       |       ||     3
       Fly               |       |       |       |       |       |     2 |     1 |       |     2 ||     5
       Stop Flying       |       |       |       |       |       |     1 |     1 |     1 |     2 ||     5
       Blink             |       |       |       |       |       |     1 |       |       |     6 ||     7
Evoke: Wand              |       |       |       |    22 |       |    10 |       |       |     4 ||    36
  Use: Potion            |       |     1 |     1 |    14 |     6 |     9 |     1 |     3 |    32 ||    67
       Scroll            |       |    10 |     1 |    10 |     6 |    17 |    16 |    11 |    37 ||   108
  Eat: Chunk             |     1 |    10 |     6 |    27 |    25 |    15 |    21 |    29 |    23 ||   157
       Ration            |       |       |     1 |     4 |     5 |    17 |     6 |     4 |    22 ||    59
Armor: Scale mail        |    91 |    10 |       |       |       |       |       |       |       ||   101
       Quicksilver drago |       |   127 |   178 |   453 |   686 |  1410 |    29 |       |       ||  2883
       Skin              |       |       |       |    14 |       |       |       |       |       ||    14
       Gold dragon scale |       |       |       |       |       |       |   490 |   712 |  2042 ||  3244
Dodge: Dodged            |    54 |   139 |   255 |   603 |   757 |  1436 |   377 |   395 |  1167 ||  5183
       Deflected         |       |       |       |       |       |       |    18 |    27 |    52 ||    97
Block: Shield            |    83 |   183 |   359 |   966 |  1323 |  2387 |  1198 |  1696 |  4564 || 12759
       Reflection        |       |       |       |       |       |       |       |    60 |   112 ||   172

Table legend:
 A = Non-vault XP
 B = Vault XP
 C = Vault XP percentage of total XP
 D = Non-vault monster count
 E = Vault monster count
 F = Vault count percentage of total count
                 A         B        C        D         E       F
            +---------+---------+-------+---------+---------+-------
      Total |  898988 |  805871 |  47.3 |    1927 |    1029 |  34.8
            +---------+---------+-------+---------+---------+-------
        D:1 |      39 |       0 |   0.0 |      24 |       0 |   0.0
        D:2 |      81 |       0 |   0.0 |      21 |       0 |   0.0
        D:3 |     104 |      37 |  26.2 |      22 |       1 |   4.3
        D:4 |     298 |       0 |   0.0 |      19 |       0 |   0.0
        D:5 |     903 |     164 |  15.4 |      23 |       5 |  17.9
        D:6 |     622 |       0 |   0.0 |      10 |       0 |   0.0
        D:7 |    2168 |    1759 |  44.8 |      46 |      19 |  29.2
        D:8 |    1988 |    1259 |  38.8 |      28 |      16 |  36.4
        D:9 |    1873 |       0 |   0.0 |      28 |       0 |   0.0
       D:10 |    2878 |       0 |   0.0 |      31 |       0 |   0.0
       D:11 |    3464 |     677 |  16.3 |      23 |       4 |  14.8
       D:12 |    5793 |       0 |   0.0 |      38 |       0 |   0.0
       D:13 |   12993 |    9076 |  41.1 |      59 |      14 |  19.2
       D:14 |    9666 |   10673 |  52.5 |      35 |      19 |  35.2
       D:15 |   15596 |    6102 |  28.1 |      34 |       8 |  19.0
     Lair:1 |    3563 |       0 |   0.0 |      11 |       0 |   0.0
     Lair:2 |    2530 |    8855 |  77.8 |      12 |      17 |  58.6
     Lair:3 |     700 |    3863 |  84.7 |       3 |      10 |  76.9
     Lair:4 |    2457 |    1758 |  41.7 |       5 |      12 |  70.6
     Lair:5 |    6675 |    2553 |  27.7 |      22 |       2 |   8.3
     Lair:6 |    7980 |    8691 |  52.1 |      24 |      25 |  51.0
    Swamp:1 |   10251 |    2433 |  19.2 |      30 |       2 |   6.2
    Swamp:2 |   13312 |     836 |   5.9 |      36 |       2 |   5.3
    Swamp:3 |   13345 |    8812 |  39.8 |      33 |      10 |  23.3
    Swamp:4 |   14414 |    7265 |  33.5 |      50 |      13 |  20.6
   Spider:1 |    9983 |   12303 |  55.2 |      29 |      19 |  39.6
   Spider:2 |   18839 |    1531 |   7.5 |      47 |       2 |   4.1
   Spider:3 |   14931 |   19589 |  56.7 |      39 |      38 |  49.4
   Spider:4 |   15394 |   17387 |  53.0 |      42 |      38 |  47.5
    Slime:1 |   27595 |       0 |   0.0 |      51 |       0 |   0.0
    Slime:2 |   16366 |       0 |   0.0 |      17 |       0 |   0.0
    Slime:3 |   20947 |       0 |   0.0 |      31 |       0 |   0.0
    Slime:4 |   18487 |       0 |   0.0 |      32 |       0 |   0.0
    Slime:5 |    9125 |   28997 |  76.1 |      21 |      16 |  43.2
      Orc:1 |     303 |       0 |   0.0 |       4 |       0 |   0.0
      Orc:2 |    1873 |    9988 |  84.2 |      17 |      38 |  69.1
      Elf:1 |   24876 |    8895 |  26.3 |      41 |      14 |  25.5
      Elf:2 |   15066 |   24758 |  62.2 |      25 |      31 |  55.4
      Elf:3 |   10387 |   37638 |  78.4 |      18 |      24 |  57.1
   Vaults:1 |   32642 |   13033 |  28.5 |      51 |      18 |  26.1
   Vaults:2 |   20903 |   20128 |  49.1 |      49 |      16 |  24.6
   Vaults:3 |   27926 |   50760 |  64.5 |      55 |      68 |  55.3
   Vaults:4 |   21954 |   34068 |  60.8 |      25 |      40 |  61.5
   Vaults:5 |   28819 |  124020 |  81.1 |      45 |      75 |  62.5
    Crypt:1 |   26494 |       0 |   0.0 |      54 |       0 |   0.0
    Crypt:2 |   29606 |    8138 |  21.6 |      41 |       1 |   2.4
    Crypt:3 |       0 |   79719 | 100.0 |       0 |      85 | 100.0
   Depths:1 |   34581 |    8819 |  20.3 |      51 |      16 |  23.9
   Depths:2 |   10746 |    8273 |  43.5 |      19 |      17 |  47.2
   Depths:3 |       0 |   67810 | 100.0 |       0 |     123 | 100.0
   Depths:4 |   52288 |   83956 |  61.6 |      56 |      41 |  42.3
   Depths:5 |   15343 |   29623 |  65.9 |      18 |      30 |  62.5
       Hell |    9734 |   30643 |  75.9 |      14 |      47 |  77.0
    Abyss:1 |   33039 |       0 |   0.0 |      49 |       0 |   0.0
    Abyss:2 |   20395 |       0 |   0.0 |      44 |       0 |   0.0
    Abyss:3 |   94372 |    3666 |   3.7 |     174 |       4 |   2.2
    Abyss:4 |   11496 |       0 |   0.0 |      22 |       0 |   0.0
        Pan |   90785 |    1838 |   2.0 |      79 |       3 |   3.7
      Sewer |       0 |     133 | 100.0 |       0 |      26 | 100.0
      IceCv |       0 |    5345 | 100.0 |       0 |      20 | 100.0
            +---------+---------+-------+---------+---------+-------
